 Dungeon Crawl Stone Soup version 0.31-a0-664-g902f515a81 (webtiles) character file.

Game seed: 11212228156696117592

4097 Xavori the Covert (level 10, -4/71 HPs)
             Began as an Octopode Chaos Knight on Sept 2, 2023.
             Was a Plaything of Xom.
             Killed by divine providence
             ... invoked by an orc priest
              (13 damage)
             ... on level 8 of the Dungeon.
             The game lasted 00:06:15 (15029 turns).

Xavori the Covert (Octopode Chaos Knight)          Turns: 15029, Time: 00:06:16

Health: -4/71      AC:  8    Str: 16    XL:     10   Next: 26%
Magic:  19/19      EV: 16    Int: 17    God:    Xom [.*....]
Gold:   485        SH:  0    Dex: 19    Spells: 9/9 levels left

rFire   . . .        v - +1 dagger (chaos)
rCold   + + +        (no shield)
rNeg    . . .        (helmet currently unavailable)
rPois   +            (no amulet)
rElec   .            k - +6 ring of dexterity
rCorr   +            n - ring of resist corrosion
SInv    .            e - ring of magical power
Will    .....        (no ring)
Stlth   ++++++       (no ring)
HPRegen 0.31/turn    (no ring)
MPRegen 0.16/turn    (no ring)
                     (no ring)

%: random rage (3%)
@: about to teleport, beast-form
A: beast (slay +3), almost no armour, amphibious, 8 rings, camouflage 1,
gelatinous body 1, (nimble swimmer 1), tentacles, beak, iridescent scales 3,
berserk 1, clever 1, cold resistance 3, poison resistance, robust 1, shaggy fur
1, strong 1, wild magic 1, evolution 1, MP-powered wands
a: Begin Untransformation, Renounce Religion


You were on level 8 of the Dungeon.
You worshipped Xom.
You were a plaything of Xom.
You were a hulking beast.
You visited 1 branch of the dungeon, and saw 8 of its levels.

You collected 573 gold pieces.
You spent 88 gold pieces at shops.

Inventory:

Hand Weapons
 a - a +0 short sword of chaos
 v - a +1 dagger of chaos (weapon)
Missiles
 c - a throwing net
Jewellery
 e - a ring of magical power (on tentacle)
 k - a +6 ring of dexterity (left tentacle)
 n - a ring of resist corrosion (right tentacle)
Talismans
 s - a beast talisman (active)
Wands
 h - a wand of roots (8)
 i - a wand of polymorph (9)
 u - a wand of flame (20)
Scrolls
 m - 3 scrolls of vulnerability
 r - 2 scrolls of teleportation
 y - 2 scrolls of butterflies
 B - a scroll of immolation
Potions
 d - 2 potions of mutation {unknown}
 f - 5 potions of enlightenment
 j - a potion of lignification
 l - a potion of cancellation {unknown}
 o - a potion of brilliance {unknown}
 p - 2 potions of curing
 w - 3 potions of heal wounds {unknown}
 x - a potion of resistance {unknown}
 z - 2 potions of invisibility {unknown}
 A - a potion of might {unknown}
 C - a potion of attraction {unknown}
Miscellaneous
 b - a phantom mirror
 g - a condenser vane


   Skills:
 + Level 4.9 Fighting
 + Level 6.4 Short Blades
 + Level 5.2 Dodging
 + Level 11.2 Stealth
 * Level 6.3 Evocations
 * Level 5.8 Shapeshifting


You had 9 spell levels left.
You didn't know any spells.
Your spell library contained the following spells:

 Spells                   Type           Power      Damage    Failure   Level
 Necrotise                Necr           0%         1d4       32%         1
 Sandblast                Erth           0%         2d4       32%         1
 Summon Small Mammal      Summ           0%         N/A       32%         1
 Passwall                 Tmut/Erth      0%         N/A       43%         2
 Call Canine Familiar     Summ           0%         N/A       65%         3
 Dazzling Flash           Conj/Hex       0%         N/A       65%         3
 Frozen Ramparts          Ice            0%         1d1       65%         3
 Ignite Poison            Fire/Tmut/Pois 0%         N/A       65%         3
 Stone Arrow              Conj/Erth      0%         3d7       65%         3
 Summon Guardian Golem    Hex/Summ       0%         N/A       65%         3
 Vampiric Draining        Necr           0%         2d6       65%         3
 Petrify                  Tmut/Erth      0%         N/A       96%         4
 Sticky Flame             Conj/Fire      0%         2d3       96%         4
 Agony                    Necr           0%         N/A       100%        5
 Metabolic Englaciation   Hex/Ice        0%         N/A       100%        5
 Silence                  Hex/Air        0%         N/A       100%        5
 Ignition                 Fire           0%         3d3       100%        8


Dungeon Overview and Level Annotations

Branches:
Dungeon (8/15)             Temple (0/1) D:7
   Lair: D:8-11

Altars:
Cheibriados
Fedhas
Gozag
Hepliaklqana
Trog
Xom

Shops:
D:2 !   D:6 (


Innate Abilities, Weirdness & Mutations

You are a hulking beast.
Your limbs bulge with bestial killing power. (Slay +3)
You cannot wear most types of armour.
You are amphibious.
You can wear up to eight rings at the same time.
Your skin changes colour to match your surroundings (Stealth+).
Your rubbery body absorbs attacks. (AC +1, EV +1)
((You are camouflaged when in or above water. (Stealth+)))
You have tentacles for arms and can constrict up to eight enemies at once.
You have a beak for a mouth.
You are completely covered in iridescent scales. (AC +6)
You sometimes lose your temper in combat.
Your mind is acute. (Int +4, Str/Dex -1)
Your flesh is almost immune to the effects of cold. (rC+++)
Your system is resistant to poisons. (rPois)
You are robust. (+10% HP)
You are covered in fur. (AC +1)
Your muscles are strong. (Str +4, Int/Dex -1)
Your spells are a little harder to cast, but a little more powerful.
You have hidden genetic potential.
You expend magic power (3 MP) to strengthen your wands.


Message History

A yak comes into view.
A yak comes into view.
There are monsters nearby! 2 yaks come into view.
There are monsters nearby!
An orc priest comes into view. It is wielding a +0 short sword.
The yak bellows!
The orc priest shouts!
The yak bellows! x2; You hear a shout!
The yak bellows!
The yak gores you but does no damage.
An orc comes into view. It is wielding a +0 dagger.
The orc shouts!
You hit the yak. You freeze the yak.
The yak is lightly wounded.
The yak misses you.
The orc priest calls down the wrath of Beogh upon you.
Beogh smites you!
You hit the yak. You burn the yak. Your peck misses the yak.
The yak is moderately wounded.
The yak misses you. The yak closely misses you.
An orc comes into view. It is wielding a +0 dagger.
The yak gores you. The yak attacks as it pursues you!
The yak closely misses you. The yak attacks as it pursues you!
The yak misses you.
The orc priest calls down the wrath of Beogh upon you.
Beogh smites you! The yak attacks as it pursues you!
The yak closely misses you. The yak attacks as it pursues you!
The yak misses you.
The orc priest calls down the wrath of Beogh upon you.
Beogh smites you! The yak attacks as it pursues you! The yak gores you!
* * * LOW HITPOINT WARNING * * *
The yak attacks as it pursues you! The yak closely misses you.
The yak attacks as it pursues you! The yak gores you!
* * * LOW HITPOINT WARNING * * *
The yak attacks as it pursues you! The yak barely misses you.
As you read the scroll of teleportation, it crumbles to dust.
You feel strangely unstable.
The orc priest invokes the aid of Beogh against you.
Beogh smites you!
You die...
Xom guffaws!

... #.........##
#.#...##.........##
#.#...##.........##
#.#...##.......####
#####..................
......................
....................
#...###+#..........
#.hY.......##....##
#YY.........+....+.
#.Y.........# ?..#
#...........+
#..........##
#.......oo.+
####....o..# ####....o.
########


You could see 4 yaks, an orc priest and 2 orcs.

Vanquished Creatures
  A two-headed ogre (D:7)
  The ghost of ojifijod the Grappler, a novice DrFi (D:7)
  Maggie (D:7)
  Prince Ribbit (D:6)
  Menkaure (D:6)
  Edmund (D:3)
  4 water moccasins
  Duvessa (D:4)
  An ice beast (D:8)
  3 sky beasts
  3 black bears
  2 centaurs
  2 phantoms (D:5)
  A kobold brigand (D:7)
  3 bullfrogs
  Dowan (D:4)
  2 orc priests
  A jelly (D:8)
  4 iguanas
  2 gnoll boudas
  2 sleepcaps (D:7)
  3 orc wizards
  Natasha (D:3)
  4 adders
  8 gnolls
  A shadow imp (D:6)
  3 white imps
  4 dart slugs
  22 orcs
  7 bats
  5 endoplasms
  7 hobgoblins
  7 jackals
  4 quokkas
  6 ball pythons
  3 frilled lizards (D:2)
  6 goblins
  8 kobolds
  5 rats
142 creatures vanquished.

Vanquished Creatures (collateral kills)
  A black bear (D:7)
  A frilled lizard (D:1)
2 creatures vanquished.

Grand Total: 144 creatures vanquished

Notes
Turn   | Place    | Note
-------+----------+-------------------------------------------
     0 | D:1      | Xavori the Octopode Chaos Knight began the quest for the
                  | Orb.
     0 | D:1      | Reached XP level 1. HP: 16/16 MP: 1/1
     0 | D:1      | Noticed a demonspawn zombie
     6 | D:1      | Noticed a minotaur zombie
    91 | D:1      | Reached XP level 2. HP: 20/21 MP: 2/2
   101 | D:1      | XOM: smoke on damage
   673 | D:1      | Reached XP level 3. HP: 26/26 MP: 3/3
  1227 | D:1      | XOM: silly message
  1591 | D:1      | XOM: silly message
  2880 | D:1      | XOM: divination: detect items
  3021 | D:1      | XOM is BORED!
  3549 | D:1      | XOM: scenery: 1 doors close
  4391 | D:1      | XOM is BORED!
  4391 | D:1      | XOM: give mutations
  4391 | D:1      | Gained mutation: You have hidden genetic defects. [Xom's
                  | mischief]
  4391 | D:1      | Gained mutation: You are agile. (Dex +4, Str/Int -1) [Xom's
                  | mischief]
  4391 | D:1      | Lost mutation: You are agile. (Dex +4, Str/Int -1) [Xom's
                  | mischief]
  5286 | D:1      | XOM is BORED!
  5317 | D:1      | XOM: god gift: condenser vane
  5340 | D:1      | XOM: god gift: glowing ruby amulet {god gift}
  5376 | D:1      | XOM: noise
  5486 | D:1      | XOM: god gift: 49 gold pieces
  5905 | D:1      | XOM: scenery: 1 doors open
  6564 | D:1      | XOM: scenery: 1 doors close
  6661 | D:1      | XOM: scenery: 1 doors open
  7222 | D:1      | XOM: give mutation
  7222 | D:1      | Lost mutation: You have hidden genetic defects. [Xom's
                  | mischief]
  8945 | D:1      | XOM: scenery: 1 doors close
  9437 | D:1      | XOM: scenery: 1 doors open
  9733 | D:1      | XOM: give mutations
  9733 | D:1      | Gained mutation: You are covered in fur. (AC +1) [Xom's
                  | grace]
  9733 | D:1      | Gained mutation: Your skin blends seamlessly with your
                  | surroundings (Stealth++). [Xom's grace]
  9740 | D:1      | XOM: god gift: scroll labelled RUONNU XESO {god gift}
  9805 | D:2      | XOM: god gift: phantom mirror
  9813 | D:2      | Reached skill level 1 in Stealth
  9826 | D:2      | XOM: scenery: 2 doors open
  9828 | D:2      | Found Plog's Distillery.
  9865 | D:2      | Bought a potion of berserk rage for 55 gold pieces
  9865 | D:2      | Bought a potion of lignification for 33 gold pieces
 10457 | D:2      | XOM: give mutations
 10457 | D:2      | Gained mutation: You are partially covered in iridescent
                  | scales. (AC +2) [Xom's grace]
 10457 | D:2      | Gained mutation: You are strong-willed. (Will+) [Xom's
                  | grace]
 10457 | D:2      | Gained mutation: Your spells are a little harder to cast,
                  | but a little more powerful. [Xom's grace]
 10457 | D:2      | Gained mutation: You are robust. (+10% HP) [Xom's grace]
 10531 | D:2      | Reached XP level 4. HP: 35/35 MP: 4/4
 10869 | D:3      | Found an opulent altar of Gozag.
 10907 | D:3      | XOM: smoke on damage
 10999 | D:3      | XOM: scenery: create altars
 11151 | D:4      | Reached skill level 2 in Stealth
 11155 | D:4      | XOM: confuse monster(s)
 11158 | D:4      | Reached skill level 1 in Evocations
 11275 | D:4      | Noticed Natasha
 11277 | D:4      | Noticed Edmund
 11286 | D:3      | Killed Natasha
 11287 | D:3      | Reached skill level 3 in Stealth
 11287 | D:3      | Reached XP level 5. HP: 12/40 MP: 5/5
 11293 | D:3      | HP: 2/60 [Edmund/+6 flail of protection (7)]
 11297 | D:3      | Killed Edmund
 11298 | D:3      | Reached skill level 4 in Stealth
 11298 | D:3      | Reached skill level 1 in Shapeshifting
 11298 | D:3      | Reached XP level 6. HP: 3/47 MP: 6/6
 11509 | D:4      | Noticed Duvessa
 11512 | D:4      | Noticed Dowan
 11529 | D:4      | Killed Duvessa
 11536 | D:4      | Killed Dowan
 11550 | D:4      | Reached skill level 5 in Stealth
 11550 | D:4      | Reached XP level 7. HP: 31/52 MP: 7/7
 11648 | D:4      | XOM: give mutations
 11648 | D:4      | Gained mutation: You are very robust. (+20% HP) [Xom's
                  | mischief]
 11648 | D:4      | Gained mutation: Your flesh is cold resistant. (rC+) [Xom's
                  | mischief]
 11825 | D:4      | XOM: give mutations
 11825 | D:4      | Lost mutation: You are strong-willed. (Will+) [Xom's
                  | mischief]
 11825 | D:4      | Lost mutation: Your skin blends seamlessly with your
                  | surroundings (Stealth++). [Xom's mischief]
 11825 | D:4      | Gained mutation: You are dopey. (Int -2) [Xom's mischief]
 11970 | D:4      | XOM: divination: detect items
 12159 | D:5      | Entered Level 5 of the Dungeon
 12287 | D:5      | Reached skill level 6 in Stealth
 12287 | D:5      | Reached XP level 8. HP: 64/64 MP: 8/8
 12343 | D:5      | XOM: give mutations
 12343 | D:5      | Gained mutation: You sometimes lose your temper in combat.
                  | [Xom's mischief]
 12343 | D:5      | Lost mutation: You are dopey. (Int -2) [Xom's mischief]
 12343 | D:5      | Lost mutation: You are very robust. (+20% HP) [Xom's
                  | mischief]
 12343 | D:5      | Gained mutation: You expend magic power (3 MP) to
                  | strengthen your wands. [Xom's mischief]
 12502 | D:5      | Reached skill level 5 in Short Blades
 12502 | D:5      | Found a blossoming altar of Fedhas.
 12689 | D:5      | Found a hazy altar of Hepliaklqana.
 12690 | D:5      | Found a snail-covered altar of Cheibriados.
 12844 | D:6      | Reached skill level 7 in Stealth
 12857 | D:6      | Noticed Menkaure
 12860 | D:6      | XOM: summons 6 friendly demons
 12867 | D:6      | Killed Menkaure
 13019 | D:6      | Noticed Prince Ribbit
 13024 | D:6      | Killed Prince Ribbit
 13025 | D:6      | Reached skill level 8 in Stealth
 13121 | D:6      | Found a bloodstained altar of Trog.
 13131 | D:6      | XOM: summons 2 hostile demons
 13214 | D:6      | XOM: stat loss: -1 Int (13/14)
 13236 | D:6      | Found Gemaesh's Antique Weapon Boutique.
 13548 | D:6      | XOM: scenery: summon butterflies
 13584 | D:6      | XOM: give mutations
 13584 | D:6      | Gained mutation: You are mostly covered in iridescent
                  | scales. (AC +4) [Xom's grace]
 13584 | D:6      | Gained mutation: You have very sharp teeth. [Xom's grace]
 13584 | D:6      | Gained mutation: Your mind is acute. (Int +4, Str/Dex -1)
                  | [Xom's grace]
 13627 | D:7      | XOM: give mutations
 13627 | D:7      | Gained mutation: You have hidden genetic potential. [Xom's
                  | grace]
 13627 | D:7      | Gained mutation: You are completely covered in iridescent
                  | scales. (AC +6) [Xom's grace]
 13634 | D:7      | Reached XP level 9. HP: 64/64 MP: 9/9
 13646 | D:7      | Noticed ojifijod's ghost (novice DrFi)
 13667 | D:7      | Found a runed translucent door.
 13667 | D:7      | Noticed a two-headed ogre
 13674 | D:7      | Killed a two-headed ogre
 13675 | D:7      | Reached skill level 9 in Stealth
 13675 | D:7      | Reached skill level 5 in Evocations
 13675 | D:7      | XOM: summons 9 friendly demons
 13681 | D:7      | Reached skill level 5 in Shapeshifting
 13703 | D:7      | Gained mutation: Your flesh is very cold resistant. (rC++)
                  | [hidden potential]
 13745 | D:7      | XOM: silly message
 13835 | D:7      | Reached skill level 10 in Stealth
 13912 | D:7      | Noticed Maggie
 13917 | D:7      | XOM: confuse monster(s)
 13924 | D:7      | Killed Maggie
 13934 | D:7      | Reached skill level 5 in Dodging
 13934 | D:7      | Reached XP level 10. HP: 71/71 MP: 10/10
 13961 | D:7      | XOM: divination: detect creatures
 13975 | D:7      | Killed ojifijod's ghost
 14199 | D:7      | Found a staircase to the Ecumenical Temple.
 14260 | D:7      | Reached skill level 11 in Stealth
 14371 | D:7      | XOM: give mutations
 14371 | D:7      | Lost mutation: You have very sharp teeth. [Xom's grace]
 14371 | D:7      | Gained mutation: You have a beak for a mouth. [Xom's grace]
 14371 | D:7      | Gained mutation: Your muscles are strong. (Str +4, Int/Dex
                  | -1) [Xom's grace]
 14371 | D:7      | Gained mutation: Your system is resistant to poisons.
                  | (rPois) [Xom's grace]
 14371 | D:7      | Gained mutation: Your flesh is almost immune to the effects
                  | of cold. (rC+++) [Xom's grace]
 14532 | D:7      | XOM: god gift: golden ring {god gift}
 14842 | D:8      | XOM: noise
 14946 | D:8      | XOM: 4-stop teleportation journey
 15029 | D:8      | Killed from afar by an orc priest

Illustrated notes

Levels and vault maps discovered:
D:1:      shiori_arrival_whats_in_store_for_you, layout_basic,
          minmay_misc_feat_more_columns
D:2:      layout_basic, serial_shops, shop
D:3:      layout_basic, mainiacjoe_overflow_alcove_2, minmay_tree_intersection,
          hex_medium
D:4:      layout_loops_ring, uniq_duvessa, uniq_edmund, uniq_natasha
D:5:      layout_rooms, amcnicky_altar_gilded, mainiacjoe_overflow_divided_tiny,
          columned_hall_lemuel, kennysheep_generic_room_12
D:6:      layout_rooms, bloody_trog, serial_shops, nicolae_inconvenience_store,
          uniq_menkaure, uniq_prince_ribbit1
D:7:      layout_loops_ring, minmay_temple_entry_drinking_statues,
          hellmonk_ghost_happy_afterlife, roderic_roman_lattice, st_stairs_2,
          uniq_maggie
D:8:      layout_basic, mainiacjoe_overflow_alcove_4

Skill      XL: |  1  2  3  4  5  6  7  8  9 10 |
---------------+-------------------------------+-----
Stealth        | 1 3 4 5 6 8 10 11 | 11.2
Evocations     | 1 2 3 4 5 6 |  6.3
Short Blades   | 4 5 6 |  6.4
Shapeshifting  | 1 3 4 5 |  5.8
Fighting       | 4 |  4.9
Dodging        | 3 4 5 |  5.2

Action                     |  1- 3 |  4- 6 |  7- 9 | 10-12 || total
---------------------------+-------+-------+-------+-------++-------
  Melee: Short sword       |    82 |    69 |       |       ||   151
         Tentacles         |    14 |    21 |    29 |    13 ||    77
         Constrict         |    22 |    15 |    24 |     9 ||    70
         Punch             |     2 |     1 |     3 |     1 ||     7
         Dagger            |       |     5 |   119 |    53 ||   177
         Bite              |       |       |     3 |     7 ||    10
         Peck              |       |       |       |     5 ||     5
  Evoke: Wand              |       |     1 |       |       ||     1
    Use: Scroll            |     1 |       |     9 |     3 ||    13
         Potion            |       |     1 |       |       ||     1
   Stab: Sleeping          |     4 |     4 |    20 |     5 ||    33
         Distracted        |     1 |       |     1 |       ||     2
         Confused          |       |     2 |       |       ||     2
 Armour: Skin              |    37 |    20 |    40 |    15 ||   112
  Dodge: Dodged            |    60 |    30 |    84 |    27 ||   201
   Form: Beast             |       |     1 |       |       ||     1

Table legend: (Time is in decaauts)
 A = Elapsed time spent in this place.
 B = Non-inter-level travel time spent in this place.
 C = Inter-level travel time spent in this place.
 D = Time resting spent in this place.
 E = Time spent auto-exploring this place.
 F = Levels seen in this place.
 G = Mean time per level.
                   A        B        C        D        E       F      G
               +--------+--------+--------+--------+--------+-----+--------+
         Total |  14985 |  14661 |    324 |   9383 |   4381 |   8 | 1873.1 |
       Dungeon |  14985 |  14661 |    324 |   9383 |   4381 |   8 | 1873.1 |
               +--------+--------+--------+--------+--------+-----+--------+

Top non-repeatable levels by time:
     D:1: 9735 daAuts
     D:7: 1015 daAuts
     D:2: 865 daAuts
     D:4: 841 daAuts
     D:6: 815 daAuts
     D:3: 692 daAuts
     D:5: 635 daAuts
     D:8: 383 daAuts
